 Dungeon Crawl Stone Soup version 0.27-a0-686-gaed091b46b (webtiles) character file.

Game seed: 2634768086232761044

1372 jasper the Cruncher (level 8, -7/58 HPs)
             Began as a Demonspawn Delver on Mar 21, 2021.
             Was a Believer of Nemelex Xobeh.
             Killed from afar by Maggie (31 damage)
             ... with a bolt of fire
             ... on level 6 of the Dungeon.
             The game lasted 00:15:22 (8055 turns).

jasper the Cruncher (Demonspawn Delver)             Turns: 8055, Time: 00:15:22

Health: -7/58      AC:  7    Str: 18    XL:     8   Next: 38%
Magic:  8/8        EV: 10    Int: 13    God:    Nemelex Xobeh [**....]
Gold:   221        SH:  0    Dex: 16    Spells: 7/7 levels left

rFire    . . .     SeeInvis .   h - +0 lajatang
rCold    + . .     Faith    .   (shield currently unavailable)
rNeg     . . .     Spirit   .   w - +0 scale mail
rPois    .         Reflect  .   (helmet restricted)
rElec    .         Harm     .   (no cloak)
rCorr    +         Rampage  .   n - +0 pair of gloves
Will     .....                  (no boots)
Stlth    ++........             q - amulet of the acrobat
HPRegen  0.19/turn              s - ring of resist corrosion
MPRegen  0.11/turn              j - ring of Myakh {rC+ Str+6 Stlth+}

@: no status effects
A: horns 1, demonic guardian 2
a: Renounce Religion, Draw Escape, Draw Destruction, Draw Summoning


You were on level 6 of the Dungeon.
You worshipped Nemelex Xobeh.
Nemelex Xobeh was pleased with you.
You visited 1 branch of the dungeon, and saw 6 of its levels.

You collected 221 gold pieces.

Inventory:

Hand Weapons
 h - a +0 lajatang (weapon)
 u - the +6 Majin-Bo {vamp, MP+6 Int+6}
   (You found it on level 5 of the Dungeon)

   It inflicts no extra harm, but heals its wielder when it wounds a living foe.
   It affects your intelligence (+6).
   It affects your magic capacity (+6).
Missiles
 t - 181 stones (quivered)
 v - 2 boomerangs
 A - 15 poisoned darts
 B - a curare-tipped dart
Armour
 b - a +0 leather armour
 i - a +1 helmet
 l - a +0 ring mail
 n - a +0 pair of gloves (worn)
 w - a +0 scale mail (worn)
Jewellery
 j - the ring of Myakh (left hand) {rC+ Str+6 Stlth+}
   (You acquired it on level 5 of the Dungeon)

   [ring of strength]

   It affects your strength (+6).
   It protects you from cold.
   It makes you more stealthy.
 o - a +6 ring of dexterity
 q - an amulet of the acrobat (around neck)
 s - a ring of resist corrosion (right hand)
 x - an amulet of regeneration
Wands
 g - a wand of digging (3)
Scrolls
 c - a scroll of fog
 d - a scroll of magic mapping
 e - a scroll of fear
 k - a scroll of amnesia
 y - a scroll of enchant weapon {unknown}
 C - a scroll of blinking {unknown}
Potions
 f - 3 potions of haste
 m - a potion of flight
 p - a potion of mutation
 r - 2 potions of berserk rage
 z - a potion of heal wounds


   Skills:
 - Level 3.0 Fighting
 - Level 1.7 Axes
 + Level 9.4 Staves
 - Level 1.7 Dodging
 - Level 4.5 Stealth


You had 7 spell levels left.
You didn't know any spells.
Your spell library was empty.

Dungeon Overview and Level Annotations

Branches:
Dungeon (6/15)
 Temple: D:4-7

Altars:
Nemelex Xobeh

Shops:
D:5 [

Annotations:
D:6 exclusion: 2 doors, Maggie


Innate Abilities, Weirdness & Mutations

You have a pair of small horns on your head.
A demonic guardian rushes to your aid.


Message History

The iguana is almost dead.
The iguana bites you but does no damage.
You slash the iguana!
You kill the iguana!
Maggie misses you.
Things that are here:
an iguana corpse; a jackal corpse You completely miss Maggie.
Maggie hits you with a +0 glaive.
You take 6 damage, and have 52/58 hp.
You barely miss Maggie. You headbutt Maggie.
Maggie is lightly wounded.
Maggie hits you with a +0 glaive!
A demonic guardian appears!
You take 13 damage, and have 39/58 hp.
MASSIVE DAMAGE!!
You barely miss Maggie.
Maggie is lightly wounded.
Maggie casts a spell at you. The bolt of fire misses you.
The bolt of fire hits your rust devil.
Your rust devil completely resists.
You slash Maggie!
Maggie is moderately wounded.
Maggie misses you.
You closely miss Maggie.
Maggie is moderately wounded.
Your rust devil hits Maggie.
Your rust devil corrodes Maggie!
Maggie barely misses you.
You completely miss Maggie.
Maggie is moderately wounded.
Your rust devil barely misses Maggie.
Maggie hits you with a +0 glaive!
You take 16 damage, and have 24/58 hp.
MASSIVE DAMAGE!!
You slash Maggie! You headbutt Maggie.
Maggie is heavily wounded.
Your rust devil barely misses Maggie.
Maggie drinks a potion.
Maggie is healed!
You hit Maggie. Your headbutt misses Maggie.
Maggie is heavily wounded.
Your rust devil hits Maggie.
Maggie casts a spell at you. The bolt of fire hits you!!
Ouch! That really hurt!
You die...
Your body disappears without a glow.

###÷.#########)#...........#####o
##.....# #.#.......)...# ###'''##
#..÷...)......# ###...##
###.#######+#### ##.....##
##....# #.......# #.....#
#.......# #.....## #.......#
#...4@.# #[......# #.###@.#
#....#### #. #..## #....+..## #.
#...# ########)# #.#.#
##.J.J..###.............
#.####### #.........###.
((...J... #.../.....# .P÷P.J.J.
#..........# ....÷P...
##.........#


You could see Maggie (corroded, ally target) and a friendly rust devil
(summoned).

Vanquished Creatures
  2 ice beasts (D:6)
  A necrophage (D:3)
  2 centaurs
  3 kobold brigands (D:6)
  A bullfrog (D:6)
  4 jellies (D:6)
  3 iguanas
  2 orc wizards
  3 adders
  A shadow imp (D:4)
  A white imp (D:6)
  2 ufetubi (D:5)
  4 oozes
  4 worms
  A dart slug (D:1)
  5 leopard geckos
  14 orcs
  A ball python (D:3)
  6 bats
  6 giant cockroaches
  11 goblins
  4 hobgoblins
  14 jackals
  15 kobolds
  A quokka (D:1)
  7 frilled lizards
  A jackal zombie (D:5)
  8 rats
127 creatures vanquished.

Vanquished Creatures (collateral kills)
  Eustachio (D:5)
  2 ogres
  An orc priest (D:4)
  2 worker ants
  3 hobgoblins (D:1)
  A kobold (D:6)
  A frilled lizard (D:1)
  A rat (D:1)
12 creatures vanquished.

Vanquished Creatures (others)
  8 fungi (D:6)
  4 toadstools (D:6)
12 creatures vanquished.

Grand Total: 151 creatures vanquished

Notes
Turn   | Place    | Note
-------+----------+-------------------------------------------
     0 | D:5      | jasper the Demonspawn Delver began the quest for the Orb.
     0 | D:5      | Reached XP level 1. HP: 18/18 MP: 1/1
    18 | D:5      | Found Riuputei's Antique Armour Emporium.
   289 | D:5      | Noticed an ogre
   343 | D:4      | Noticed a worker ant
   379 | D:4      | Found a sparkling altar of Nemelex Xobeh.
   385 | D:4      | Became a worshipper of Nemelex Xobeh the Trickster
   444 | D:2      | Reached skill level 1 in Staves
   647 | D:2      | Gained mutation: A weak demonic guardian rushes to your
                  | aid. [demonic ancestry]
   647 | D:2      | Reached XP level 2. HP: 24/24 MP: 2/2
   799 | D:1      | Reached skill level 2 in Staves
  1270 | D:1      | Reached XP level 3. HP: 22/29 MP: 3/3
  1867 | D:1      | Reached * piety under Nemelex Xobeh
  1899 | D:1      | Reached skill level 3 in Staves
  2338 | D:2      | Reached XP level 4. HP: 25/35 MP: 4/4
  2808 | D:2      | Received a gift from Nemelex Xobeh
  3212 | D:3      | Noticed a necrophage
  3216 | D:3      | Killed a necrophage
  3217 | D:3      | Reached skill level 4 in Staves
  3217 | D:3      | Reached XP level 5. HP: 41/41 MP: 5/5
  4538 | D:4      | Reached skill level 5 in Staves
  5185 | D:4      | Noticed an ogre
  5189 | D:4      | Killed an ogre
  5190 | D:4      | Gained mutation: You have a pair of small horns on your
                  | head. [demonic ancestry]
  5190 | D:4      | Reached XP level 6. HP: 47/47 MP: 6/6
  5649 | D:5      | Noticed Eustachio
  5656 | D:5      | Killed Eustachio
  5657 | D:5      | Reached skill level 6 in Staves
  5660 | D:5      | Reached ** piety under Nemelex Xobeh
  5929 | D:5      | Gained mutation: A demonic guardian rushes to your aid.
                  | [demonic ancestry]
  5929 | D:5      | Reached XP level 7. HP: 18/52 MP: 7/7
  6229 | D:5      | Found the +6 Majin-Bo {vamp, MP+6 Int+6}
  6608 | D:5      | Identified a scroll of acquirement
  6609 | D:5      | Acquired the ring of Myakh {rC+ Str+6 Stlth+}
  6792 | D:6      | Reached skill level 7 in Staves
  7433 | D:6      | Reached skill level 8 in Staves
  7552 | D:6      | Reached XP level 8. HP: 58/58 MP: 8/8
  7599 | D:6      | Noticed a slime creature
  7599 | D:6      | Noticed a slime creature
  7674 | D:6      | Reached skill level 9 in Staves
  8036 | D:6      | Noticed Maggie
  8055 | D:6      | Killed from afar by Maggie

Illustrated notes

Levels and vault maps discovered:
D:1:      amcnicky_arrival_double_pillar, layout_rooms,
          chequers_serial_rivers_room_b, minmay_misc_feat_iff
D:2:      layout_rooms
D:3:      layout_basic, grunt_ministairs_9
D:4:      layout_rooms, nemelex_xobeh_ov_fountains_minmay
D:5:      layout_rooms, serial_shops, shop, kennysheep_mini, uniq_eustachio
D:6:      cheibrodos_fertilizer, layout_basic,
          minmay_temple_entry_statues_pillars, uniq_maggie

Skill      XL: |  1  2  3  4  5  6  7  8 |
---------------+-------------------------+-----
Staves         | 1 2 3 4 5 6 8 9 |  9.4
Fighting       | |  3.0
Axes           | |  1.7
Dodging        | |  1.7
Stealth        | |  4.5

Action                   |  1- 3 |  4- 6 |  7- 9 || total
-------------------------+-------+-------+-------++-------
Melee: Lajatang          |   148 |   102 |   136 ||   386
       Headbutt          |       |     8 |    26 ||    34
Throw: Stone             |     4 |   106 |    51 ||   161
Invok: Draw Destruction  |       |     3 |       ||     3
       Draw Summoning    |       |     3 |       ||     3
  Use: Scroll            |       |     8 |     3 ||    11
 Stab: Sleeping          |     3 |       |     1 ||     4
Armor: Leather armour    |    21 |       |       ||    21
       Ring mail         |    56 |     9 |       ||    65
       Scale mail        |       |    17 |    47 ||    64
Dodge: Dodged            |   112 |    44 |    70 ||   226

Table legend: (Time is in decaauts)
 A = Elapsed time spent in this place.
 B = Non-inter-level travel time spent in this place.
 C = Inter-level travel time spent in this place.
 D = Time resting spent in this place.
 E = Time spent auto-exploring this place.
 F = Levels seen in this place.
 G = Mean time per level.
                   A        B        C        D        E       F      G
               +--------+--------+--------+--------+--------+-----+--------+
         Total |   8140 |   7979 |    161 |   3434 |   2967 |   6 | 1356.7 |
       Dungeon |   8140 |   7979 |    161 |   3434 |   2967 |   6 | 1356.7 |
               +--------+--------+--------+--------+--------+-----+--------+

Top non-repeatable levels by time:
     D:1: 1725 daAuts
     D:3: 1473 daAuts
     D:5: 1441 daAuts
     D:6: 1333 daAuts
     D:4: 1268 daAuts
     D:2: 897 daAuts
